 Dungeon Crawl Stone Soup version 0.30.1-9-gdf580d7c3d (webtiles) character file.

Game seed: 10975228361752966385

121 monsoonserge the Trooper (level 4, -4/37 HPs)
             Began as a Demonspawn Monk on Sept 25, 2023.
             Killed by nerve-wracking pain
             ... invoked by Grinder
              (9 damage)
             ... while paralysed by Grinder
             ... on level 4 of the Dungeon.
             The game lasted 00:07:26 (2108 turns).

monsoonserge the Trooper (Demonspawn Monk)          Turns: 2108, Time: 00:07:26

Health: -4/37      AC:  7    Str: 11    XL:     4   Next: 77%
Magic:  13/13      EV:  2    Int: 12    God:
Gold:   121        SH:  0    Dex: 17    Spells: 3/3 levels left

rFire   + . .        k - +0 short sword
rCold   . . .        (no shield)
rNeg    . . .        t - +0 scale mail
rPois   .            (no helmet)
rElec   .            v - +0 cloak
rCorr   .            (no gloves)
SInv    .            (no boots)
Will    .....        (no amulet) Stlth
                     s - ring of magical power
HPRegen 0.26/turn    x - ring of protection from fire
MPRegen 0.13/turn

%: no passive effects
@: paralysed
A: ignite blood 1, demonic magic 1, demonic touch 1
a: no special abilities


You were on level 4 of the Dungeon.
You visited 1 branch of the dungeon, and saw 4 of its levels.

You collected 121 gold pieces.

Inventory:

Hand Weapons
 a - a +0 falchion
 i - a +0 sling
 k - a +0 short sword (weapon)
Missiles
 p - 6 boomerangs (quivered)
 w - 5 datura-tipped darts
Armour
 b - a +0 robe
 f - a +0 leather armour
 o - a +0 ring mail
 r - a +0 chain mail
 t - a +0 scale mail (worn)
 v - a +0 cloak (worn)
Magical Staves
 e - a staff of fire
Jewellery
 s - a ring of magical power (left hand)
 x - a ring of protection from fire (right hand)
Scrolls
 d - a scroll of teleportation {unknown}
 g - 6 scrolls of identify {unknown}
 j - 2 scrolls of noise {unknown}
 u - a scroll of amnesia {unknown}
 y - a scroll of fear {unknown}
Potions
 c - a potion of ambrosia
 h - a potion of magic {unknown}
 l - a potion of invisibility {unknown}
 m - a potion of mutation {unknown}
 n - a potion of flight {unknown}
 q - a potion of curing {unknown}


   Skills:
 + Level 3.6 Fighting
 + Level 0.4(2.1) Short Blades
 + Level 3.4(3.5) Long Blades
 + Level 1.4 Armour
 + Level 3.1 Dodging
 + Level 0.6 Stealth
 - Level 1.0 Unarmed Combat


You had 3 spell levels left.
You didn't know any spells.
Your spell library contained the following spells:

 Spells                   Type           Power      Damage    Failure   Level
 Blink                    Tloc           0%         N/A       96%         2
 Sublimation of Blood     Necr           0%         N/A       96%         2
 Wereblood                Tmut           0%         N/A       96%         2
 Inner Flame              Hex/Fire       0%         N/A       99%         3
 Vhi's Electric Charge    Tloc/Air       0%         N/A       99%         3
 Flame Wave               Conj/Fire      0%         2d4       100%        4
 Manifold Assault         Tloc           0%         N/A       100%        4
 Petrify                  Tmut/Erth      0%         N/A       100%        4
 Sticky Flame             Conj/Fire      0%         2d3       100%        4
 Summon Lightning Spire   Summ/Air       0%         N/A       100%        4
 Arcjolt                  Conj/Air       0%         1d10      100%        5
 Irradiate                Conj/Tmut      0%         3d11      100%        5
 Plasma Beam              Fire/Air       0%         2x1d11    100%        6
 Storm Form               Tmut/Air       0%         N/A       100%        7
 Summon Hydra             Summ           0%         N/A       100%        7
 Maxwell's Capacitive Co  Air            0%         ∞         100%        8


Dungeon Overview and Level Annotations

Branches:
Dungeon (4/15)
 Temple: D:4-7

Altars:
Ru

Shops:
D:2 (

Annotations:
D:3 Sigmund
D:4 Grinder


Innate Abilities, Weirdness & Mutations

Your demonic aura sometimes causes spilled blood to erupt in flames.
Spells you cast may paralyse adjacent enemies.
Your touch may inflict minor irresistible damage on your foes.


Message History

Grinder hits you but does no damage.
You barely miss Grinder.
You touch Grinder.
Grinder is moderately wounded.
Grinder hits you but does no damage.
You closely miss Grinder.
Grinder is moderately wounded.
Grinder hits you.
You closely miss Grinder.
You touch Grinder!
Grinder is heavily wounded.
Grinder barely misses you.
You hit Grinder. Your touch misses Grinder.
Grinder is severely wounded.
You hit Grinder but do no damage. Your touch misses Grinder.
Grinder is severely wounded.
Grinder hits you.
You writhe in agony.
You hit Grinder.
You touch Grinder.
Grinder is almost dead.
Grinder hits you but does no damage.
You hit Grinder.
Grinder is almost dead.
Grinder gestures at you. Pain shoots through your body!
You hit Grinder but do no damage. You punch Grinder, but do no damage.
Grinder is almost dead.
Grinder closely misses you.
You hit Grinder.
Grinder is almost dead.
Grinder hits you.
You writhe in agony.
* * * LOW HITPOINT WARNING * * *
You closely miss Grinder.
Grinder is almost dead.
Grinder gestures at you.
You suddenly lose the ability to move!
Grinder hits you.
* * * LOW HITPOINT WARNING * * *
You writhe in agony.
* * * LOW HITPOINT WARNING * * *
Grinder gestures at you. Pain shoots through your body!
You die...

+.....# #.....#
#...$.# #.....#
#.....# #.....# ..
#.....#
...#+#########'##
..............@.#
.............5..#
.................>#
..................#
..............)...#
..................#
.....####'#.......#
.....+....#.......#
..........#.......#


You could see Grinder.

Vanquished Creatures
  Jessica (D:3)
  3 adders
  4 dart slugs
  An orc (D:3)
  8 ball pythons
  5 endoplasms
  3 giant cockroaches
  5 goblins (D:1)
  5 hobgoblins
  4 jackals
  4 kobolds
  4 bats
  2 frilled lizards
  9 rats
58 creatures vanquished.

Vanquished Creatures (others)
  A kobold (D:3)
1 creature vanquished.

Grand Total: 59 creatures vanquished

Notes
Turn   | Place    | Note
-------+----------+-------------------------------------------
     0 | D:1      | monsoonserge the Demonspawn Monk began the quest for the
                  | Orb.
     0 | D:1      | Reached XP level 1. HP: 18/18 MP: 1/1
     6 | D:1      | Noticed a komodo dragon
     6 | D:1      | Noticed a black bear
     6 | D:1      | Noticed a swamp drake
     7 | D:1      | Noticed a lindwurm
   123 | D:1      | Gained mutation: Your touch may inflict minor irresistible
                  | damage on your foes. [demonic ancestry]
   123 | D:1      | Reached XP level 2. HP: 19/24 MP: 2/2
   472 | D:1      | Gained mutation: Spells you cast may paralyse adjacent
                  | enemies. [demonic ancestry]
   472 | D:1      | Reached XP level 3. HP: 28/29 MP: 3/3
  1051 | D:2      | Found a faded altar of an unknown god.
  1360 | D:2      | Found Okon's Weapon Shop.
  1528 | D:2      | Reached skill level 1 in Unarmed Combat
  1569 | D:2      | Gained mutation: Your demonic aura sometimes causes spilled
                  | blood to erupt in flames. [demonic ancestry]
  1569 | D:2      | Reached XP level 4. HP: 30/35 MP: 4/4
  1623 | D:3      | Reached skill level 1 in Armour
  1641 | D:3      | Noticed Sigmund
  1831 | D:3      | Noticed Jessica
  1843 | D:3      | Killed Jessica
  2072 | D:4      | Found a sacrificial altar of Ru.
  2090 | D:4      | Noticed Grinder
  2106 | D:4      | Paralysed by Grinder for 5 turns
  2108 | D:4      | Killed from afar by Grinder

Illustrated notes

Levels and vault maps discovered:
D:1:      onia_arrival_zoo_common, layout_basic, minmay_domino_4
D:2:      layout_basic, basic_ecumenical_altar, serial_shops, shop
D:3:      layout_rooms, mainiacjoe_overflow_chevrons, kennysheep_crisscross,
          uniq_sigmund, uniq_jessica
D:4:      layout_gridville, mainiacjoe_overflow_tiny_flanked, uniq_grinder,
          uniq_pikel

Skill      XL: |  1  2  3  4 |
---------------+-------------+-----
Long Blades    | 3 |  3.4
Dodging        | 3 |  3.1
Unarmed Combat | 1 |  1.0
Armour         | 1 |  1.4
Fighting       | |  3.6
Short Blades   | |  0.4
Stealth        | |  0.6

Action                     |  1- 3 |  4- 6 || total
---------------------------+-------+-------++-------
  Melee: Falchion          |    51 |       ||    51
         Touch             |    16 |    13 ||    29
         Short sword       |    73 |    48 ||   121
         Punch             |     1 |     1 ||     2
  Throw: Boomerang         |       |     2 ||     2
   Stab: Sleeping          |     2 |       ||     2
 Armour: Robe              |     7 |       ||     7
         Leather armour    |    12 |       ||    12
         Ring mail         |     8 |    10 ||    18
         Scale mail        |       |     8 ||     8
  Dodge: Dodged            |    79 |    16 ||    95
